 Dungeon Crawl Stone Soup version 0.29-a0-422-gafbd6decc1 (webtiles) character file.

Game seed: 13634402873212262735

2699 bande the Cleaver (level 9, -20/55 HPs)
             Began as a Gargoyle Fighter on May 18, 2022.
             Was an Initiate of Okawaru.
             Demolished by a two-headed ogre
             ... wielding a +0 giant spiked club
              (26 damage)
             ... on level 7 of the Dungeon.
             The game lasted 00:09:44 (6379 turns).

bande the Cleaver (Gargoyle Fighter)                Turns: 6379, Time: 00:09:45

Health: -20/55     AC: 23    Str: 19    XL:     9   Next: 65%
Magic:  9/9        EV:  5    Int: 10    God:    Okawaru [......]
Gold:   219        SH:  5    Dex: 13    Spells: 8/8 levels left

rFire   . . .      SeeInvis .   a - +0 war axe (drain)
rCold   + . .      Faith    .   c - +0 buckler
rNeg    + . .      Spirit   .   j - +0 plate armour
rPois   ∞          Reflect  .   (no helmet)
rElec   +          Harm     .   k - +1 cloak
rCorr   .          Rampage  .   w - +0 pair of gloves
Will    .....                   (no boots)
Stlth   ..........              (no amulet)
HPRegen 0.18/turn               i - ring of protection from cold
MPRegen 0.11/turn               (no ring)

@: no status effects
A: sickness immunity, AC +6, negative energy resistance 1, electricity
resistance, torment resistance 1, petrification resistance
a: Renounce Religion


You were on level 7 of the Dungeon.
You worshipped Okawaru.
Okawaru was noncommittal.
You visited 2 branches of the dungeon, and saw 8 of its levels.

You collected 239 gold pieces.
You spent 20 gold pieces at shops.

Inventory:

Hand Weapons
 a - a +0 war axe of draining (weapon)
 p - a +1 hunting sling of freezing
 q - a +0 vorpal mace
Armour
 c - a +0 buckler (worn)
 j - a +0 plate armour (worn)
 k - a +1 cloak (worn)
 w - a +0 pair of gloves (worn)
Jewellery
 i - a ring of protection from cold (left hand)
 o - an amulet of regeneration
Wands
 b - a wand of flame (19)
 y - a wand of digging (4)
Scrolls
 e - a scroll of teleportation
 f - 2 scrolls of magic mapping
 s - 2 scrolls of identify
 t - a scroll of enchant armour
 z - 2 scrolls of fear
Potions
 d - 2 potions of might
 h - 2 potions of haste
 l - 3 potions of flight
 m - a potion of mutation
 n - a potion of brilliance {unknown}
 r - a potion of lignification {unknown}
 u - 2 potions of curing
 v - a potion of berserk rage {unknown}
 x - a potion of attraction {unknown}


   Skills:
 + Level 6.2 Fighting
 + Level 8.3 Axes
 + Level 6.9 Armour
 + Level 5.3 Shields
 * Level 1.2 Invocations
 * Level 3.4 Evocations


You had 8 spell levels left.
You didn't know any spells.
Your spell library contained the following spells:

 Spells                   Type           Power      Damage    Failure   Level
 Sandblast                Erth           0%         2d4       100%        1
 Passwall                 Tmut/Erth      0%         N/A       100%        2
 Ignite Poison            Fire/Tmut/Pois 0%         N/A       100%        3
 Inner Flame              Hex/Fire       0%         N/A       100%        3
 Mephitic Cloud           Conj/Pois/Air  0%         N/A       100%        3
 Stone Arrow              Conj/Erth      0%         3d7       100%        3
 Cause Fear               Hex            0%         N/A       100%        4
 Freezing Cloud           Conj/Ice/Air   0%         6-21      100%        5
 Discord                  Hex            0%         N/A       100%        8


Dungeon Overview and Level Annotations

Branches:
Dungeon (7/15)             Temple (1/1) D:6

Altars:
Ashenzari
Dithmenos
Elyvilon
Hepliaklqana
Makhleb
Okawaru
Qazlal
Ru
Trog
Uskayaw
Vehumet
Wu Jian
Xom
Zin

Shops:
D:2 (*::?   D:3 (


Innate Abilities, Weirdness & Mutations

You are immune to sickness and miasma.
Your stone body is resilient. (AC +6)
You are immune to poison.
You resist negative energy. (rN+)
You are resistant to electric shocks. (rElec)
You are resistant to unholy torment.
You are immune to petrification.


Message History

You kill the orc!
Okawaru accepts your kill.
No target in view!
Found a stone staircase leading down.
Things that are here:
a +0 dagger; a +0 ring mail Done exploring.
Done exploring.
There is a stone staircase leading down here.
You climb downwards.
There is a stone staircase leading up here.
You open the door.
Found two stone staircases leading down.
There is an open door here.
You open the door.
There is an open door here.
You now have 219 gold pieces (gained 16).
A two-headed ogre comes into view.
It is wielding a +0 giant spiked club and a +0 giant club.
The two-headed ogre shouts in stereo!
You barely miss the two-headed ogre. The two-headed ogre closely misses you.
The two-headed ogre hits you but does no damage.
A phantom comes into view.
You barely miss the two-headed ogre. You hit the two-headed ogre.
The two-headed ogre is lightly wounded.
The two-headed ogre hits you with a +0 giant spiked club!
The two-headed ogre hits you with a +0 giant club!
You hit the two-headed ogre.
The two-headed ogre is lightly wounded.
You block the two-headed ogre's attack.
The two-headed ogre hits you with a +0 giant club.
You slash the two-headed ogre!
The two-headed ogre is moderately wounded.
You barely miss the two-headed ogre.
The two-headed ogre is moderately wounded.
You hit the phantom.
The two-headed ogre hits you with a +0 giant spiked club!!
* * * LOW HITPOINT WARNING * * *
The two-headed ogre hits you with a +0 giant club!!
You die...

...## #. ..# ..... #..##
..## ##### #..#. ... ##
#..#.#..# #. #.......#
##+# #.
#.......######...## #.
#..WO....##.....###.
#..@## #.#.......##.
####....###....>.....#.
......................'.
#####.................#.
##...#####..>....##.
#....# ##.....####
####....### ##...##
#.........# ##'##
#.........# #.#


You could see a two-headed ogre and a phantom.

Vanquished Creatures
  A shadow (D:5)
  Sigmund (D:6)
  A wyvern (D:5)
  5 yaks (D:6)
  A black bear (D:5)
  2 ice beasts (D:5)
  A sky beast (D:6)
  2 centaurs
  2 phantoms
  2 bullfrogs (D:6)
  2 scorpions
  A gnoll sergeant (D:6)
  5 hounds
  A gnoll shaman (D:6)
  An orc priest (D:5)
  2 iguanas
  2 orc wizards
  8 gnolls (D:6)
  7 adders
  2 shadow imps (D:6)
  A white imp (D:6)
  A worm (D:4)
  9 orcs
  11 ball pythons
  9 bats
  6 endoplasms
  4 giant cockroaches
  3 goblins
  5 hobgoblins
  3 jackals (D:3)
  11 kobolds
  3 quokkas
  2 frilled lizards (D:1)
  5 rats
122 creatures vanquished.

Notes
Turn   | Place    | Note
-------+----------+-------------------------------------------
     0 | D:1      | bande the Gargoyle Fighter began the quest for the Orb.
     0 | D:1      | Reached XP level 1. HP: 14/14 MP: 1/1
   308 | D:1      | You fall into a shaft and drop 1 floor!
   316 | D:2      | Reached XP level 2. HP: 19/19 MP: 2/2
   341 | D:2      | Found Pimmood's Assorted Antiques.
   378 | D:2      | Found Wugepuax's Book Emporium.
   390 | D:2      | Reached skill level 2 in Axes
   431 | D:2      | Reached XP level 3. HP: 21/23 MP: 3/3
  1134 | D:2      | Found Bavidgho's Weapon Shoppe.
  1395 | D:2      | Found Nuol's Book Shop.
  1425 | D:2      | Reached XP level 4. HP: 24/29 MP: 4/4
  1482 | D:2      | Found Irphoedym's Magic Scroll Emporium.
  1487 | D:2      | Bought a scroll of identify for 20 gold pieces
  1795 | D:3      | Found a faded altar of an unknown god.
  2233 | D:3      | Reached skill level 3 in Axes
  2269 | D:3      | Found Eliguus's Weapon Emporium.
  2625 | D:4      | Reached XP level 5. HP: 20/33 MP: 5/5
  2879 | D:4      | Noticed a centaur
  2888 | D:4      | Killed a centaur
  3107 | D:4      | Reached XP level 6. HP: 31/38 MP: 6/6
  3118 | D:4      | Reached skill level 4 in Axes
  3568 | D:5      | Entered Level 5 of the Dungeon
  3568 | D:5      | Noticed an ice beast
  3575 | D:5      | Killed an ice beast
  3726 | D:5      | Reached skill level 5 in Armour
  3726 | D:5      | Reached XP level 7. HP: 44/44 MP: 7/7
  3733 | D:5      | Reached skill level 5 in Axes
  3743 | D:5      | Noticed a wyvern
  3752 | D:5      | Killed a wyvern
  3768 | D:5      | Reached XP level 8. HP: 27/48 MP: 8/8
  4019 | D:5      | Reached skill level 6 in Axes
  4070 | D:5      | Noticed a shadow
  4078 | D:5      | Killed a shadow
  4079 | D:5      | Reached skill level 5 in Fighting
  4079 | D:5      | Reached skill level 5 in Shields
  4554 | D:5      | Found a radiant altar of Vehumet.
  4554 | D:5      | Found a burning altar of Makhleb.
  4563 | D:5      | Found a glowing silver altar of Zin.
  4565 | D:5      | Found a faded altar of an unknown god.
  4567 | D:5      | Found an ornate altar of the Wu Jian Council.
  4801 | D:6      | Reached skill level 1 in Evocations
  5015 | D:6      | Identified the +2 robe of Lideps {Harm rCorr Int+2}
  5026 | D:6      | Noticed a yak
  5026 | D:6      | Noticed a yak
  5027 | D:6      | Noticed a yak
  5028 | D:6      | Noticed a yak
  5028 | D:6      | Noticed a yak
  5043 | D:6      | Killed a yak
  5044 | D:6      | Reached skill level 7 in Axes
  5060 | D:6      | Killed a yak
  5061 | D:6      | Reached XP level 9. HP: 39/54 MP: 9/9
  5339 | D:6      | Reached skill level 8 in Axes
  5399 | D:6      | Found a staircase to the Ecumenical Temple.
  5423 | Temple   | Entered the Ecumenical Temple
  5565 | Temple   | Became a worshipper of Warmaster Okawaru
  5822 | D:6      | Noticed Sigmund
  5823 | D:6      | Found a hide-covered altar of Uskayaw.
  5840 | D:6      | Killed Sigmund
  5841 | D:6      | Reached skill level 1 in Invocations
  5962 | D:6      | Found a shadowy altar of Dithmenos.
  6373 | D:7      | Noticed a two-headed ogre
  6379 | D:7      | Demolished by a two-headed ogre

Illustrated notes

Levels and vault maps discovered:
D:1:      heliophobic_arrival_glass_houses, layout_loops_ring, minmay_cupped
D:2:      layout_basic, serial_shops, shop, shop, shop, nicolae_square_shop,
          nicolae_shop_trees
D:3:      layout_basic, serial_shops,
          nicolae_shop_temple_entry_statues_fountains,
          chequers_ecumenical_altar_island, lemuel_another_geyser
D:4:      layout_loops_ring
D:5:      layout_cave_pools, chequers_temple_overflow_minitemple,
          kennysheep_generic_room_11
D:6:      kb_forest_paths, layout_basic, mainiacjoe_overflow_large_starburst,
          minmay_temple_entry_enclosed_plants, uniq_sigmund
D:7:      layout_loops_corners, nemelex_dance_club_becter
Temple:   dpeg_chambers_temple

Skill      XL: |  1  2  3  4  5  6  7  8  9 |
---------------+----------------------------+-----
Axes           | 2 3 4 5 7 8 |  8.3
Shields        | 4 5 |  5.3
Armour         | 4 5 6 |  6.9
Fighting       | 4 5 6 |  6.2
Evocations     | 2 3 |  3.4
Invocations    | 1 |  1.2

Action                   |  1- 3 |  4- 6 |  7- 9 || total
-------------------------+-------+-------+-------++-------
Melee: War axe           |   100 |   112 |   222 ||   434
  Use: Scroll            |       |    11 |     3 ||    14
       Potion            |       |     1 |       ||     1
Armor: Chain mail        |    51 |       |       ||    51
       Plate armour      |    27 |   108 |   175 ||   310
Dodge: Dodged            |    37 |    31 |    38 ||   106
Block: Buckler           |    18 |    25 |    53 ||    96

Table legend: (Time is in decaauts)
 A = Elapsed time spent in this place.
 B = Non-inter-level travel time spent in this place.
 C = Inter-level travel time spent in this place.
 D = Time resting spent in this place.
 E = Time spent auto-exploring this place.
 F = Levels seen in this place.
 G = Mean time per level.
                   A        B        C        D        E       F      G
               +--------+--------+--------+--------+--------+-----+--------+
         Total |   6503 |   6382 |    121 |   1074 |   4157 |   8 |  812.9 |
       Dungeon |   6347 |   6238 |    109 |   1074 |   4029 |   7 |  906.7 |
        Temple |    155 |    143 |     12 |      0 |    128 |   1 |  155.0 |
               +--------+--------+--------+--------+--------+-----+--------+

Top non-repeatable levels by time:
     D:6: 1571 daAuts
     D:4: 1168 daAuts
     D:5: 1045 daAuts
     D:1: 922 daAuts
     D:2: 827 daAuts
     D:3: 727 daAuts
  Temple: 155 daAuts
     D:7: 85 daAuts
